 Dungeon Crawl Stone Soup version 0.27-a0-1144-g0b7d3b79db (webtiles) character file.

Game seed: 9605720313617577035

62 kae the Slasher (level 3, 0/29 HPs)
             Began as a Demonspawn Abyssal Knight on May 10, 2021.
             Was a Believer of Lugonu.
             Slain by an orc
             ... wielding a +0 mace
              (4 damage)
             ... on level 2 of the Dungeon.
             The game lasted 00:01:41 (2691 turns).

kae the Slasher (Demonspawn Abyssal Knight)         Turns: 2691, Time: 00:01:42

Health: 0/29       AC:  3    Str: 19    XL:     3   Next: 85%
Magic:  4/4        EV: 11    Int: 13    God:    Lugonu [**....]
Gold:   161        SH:  4    Dex: 12    Spells: 2/2 levels left

rFire    . . .     SeeInvis .   a - +1 falchion
rCold    . . .     Faith    .   (no shield)
rNeg     . . .     Spirit   .   b - +0 leather armour
rPois    .         Reflect  .   (no helmet)
rElec    .         Harm     .   (no cloak)
rCorr    .         Rampage  .   (no gloves)
Will     .....                  (no boots)
Stlth    +.........             (no amulet)
HPRegen  0.09/turn              d - +6 ring of strength
MPRegen  0.09/turn              (no ring)

@: no status effects
A: large bone plates 1
a: Renounce Religion, Depart the Abyss, Bend Space


You were on level 2 of the Dungeon.
You worshipped Lugonu.
Lugonu was pleased with you.
You visited 1 branch of the dungeon, and saw 3 of its levels.
You visited the Abyss 1 time.

You collected 161 gold pieces.

Inventory:

Hand Weapons
 a - a +1 falchion (weapon)
Missiles
 f - a throwing net
Armour
 b - a +0 leather armour (worn)
Jewellery
 d - a +6 ring of strength (left hand)
Scrolls
 c - a scroll of summoning {unknown}
 e - a scroll of identify
 g - 3 scrolls of amnesia
 i - a scroll of teleportation
 k - 2 scrolls of holy word {unknown}
Potions
 h - a potion of degeneration
 j - a potion of curing {unknown}


   Skills:
 + Level 3.4 Fighting
 * Level 3.5 Long Blades
 - Level 1.7 Armour
 - Level 0.8 Dodging
 - Level 2.4 Invocations


You had 2 spell levels left.
You didn't know any spells.
Your spell library contained the following spells:

 Spells                   Type           Power      Damage    Failure   Level
 Beastly Appendage        Tmut           0%         N/A       36%         1
 Wereblood                Tmut           0%         N/A       50%         2
 Spider Form              Tmut/Pois      0%         N/A       73%         3
 Ice Form                 Ice/Tmut       0%         N/A       98%         4
 Hydra Form               Tmut           0%         N/A       100%        5


Dungeon Overview and Level Annotations

Branches:
Dungeon (3/15)

Altars:
Yredelemnul


Innate Abilities, Weirdness & Mutations

You are partially covered in large bone plates. (SH +4)


Message History

There is an open door here.
The orc priest calls upon Beogh to heal the orc.
The orc's wounds heal themselves!
There is a stone staircase leading up here.
You climb upwards.
There is a stone staircase leading down here.
You start resting.
HP restored.
You climb downwards.
The orc hits you with a +0 mace! The orc closely misses you.
There is a stone staircase leading up here.
The orc barely misses you.
You climb upwards.
There is a stone staircase leading down here.
You hit the orc priest.
The orc priest is moderately wounded.
The orc priest hits you with a +0 mace. The orc hits you with a +0 mace.
You are too injured to fight recklessly!
You are too injured to fight recklessly!
You are too injured to fight recklessly!
You closely miss the orc priest.
The orc priest is moderately wounded.
The orc priest miscasts a cantrip.
The orc hits you with a +0 mace.
You slash the orc priest!
The orc priest is severely wounded.
The orc priest hits you with a +0 mace. The orc closely misses you.
You riposte.
You barely miss the orc.
The orc priest invokes the aid of Beogh against you.
Pain shoots through your body!
You closely miss the orc priest.
The orc priest is severely wounded.
The orc hits you with a +0 mace.
* * * LOW HITPOINT WARNING * * *
The orc priest hits you with a +0 mace.
* * * LOW HITPOINT WARNING * * *
You hit the orc priest but do no damage.
The orc priest is severely wounded.
The orc hits you with a +0 mace.
You die...

#.#.#.#........# ###
######.#.#.#........###..
#......#.#.#........##...
#..........+.........'...
#........#.#........##...
#........#.#........##...
#........#.#........###..
##......o.#.#........###..
#........@o...............
#.........#.#..........#..
#.......###'####.......#..
##.......#....# #.......#..
#........#....###.......#..
###..............#####.......
#..................#......##.
#..................#......##.
#......##+#........#.........


You could see an orc priest and an orc.

Vanquished Creatures
  An adder (D:2)
  2 dart slugs
  6 endoplasms
  A giant cockroach (D:1)
  6 goblins
  3 hobgoblins
  8 jackals (D:2)
  A kobold (D:2)
  3 quokkas (D:1)
  2 ball pythons
  3 bats
  A frilled lizard (D:2)
  6 rats
43 creatures vanquished.

Notes
Turn   | Place    | Note
-------+----------+-------------------------------------------
     0 | Abyss:1  | kae the Demonspawn Abyssal Knight began the quest for the
                  | Orb.
     0 | Abyss:1  | Reached XP level 1. HP: 18/18 MP: 2/2
    10 | D:1      | Escaped the Abyss
   318 | D:1      | Gained mutation: You are partially covered in large bone
                  | plates. (SH +4) [demonic ancestry]
   318 | D:1      | Reached XP level 2. HP: 21/24 MP: 3/3
  1021 | D:2      | Reached XP level 3. HP: 29/29 MP: 4/4
  1078 | D:2      | Reached ** piety under Lugonu
  1725 | D:2      | Found a faded altar of an unknown god.
  2597 | D:3      | Found a basalt altar of Yredelemnul.
  2691 | D:2      | Slain by an orc

Illustrated notes

Levels and vault maps discovered:
D:1:      onia_arrival_mini_maze_b, layout_basic, fountainhead,
          minmay_misc_feat_doors
D:2:      layout_basic, hellmonk_ecumenical_altar_zigzags, minmay_tiny_reverse_x
D:3:      layout_basic, nicolae_overflow_crystal_walls,
          nicolae_sif_muna_little_library, due_unseen_surprise

Skill      XL: |  1  2 |
---------------+-------+-----
Long Blades    | 2 3 |  3.5
Fighting       | |  3.4
Armour         | |  1.7
Dodging        | |  0.8
Invocations    | |  2.4

Action                   || total
-------------------------++-------
Melee: Falchion          ||   119
  Use: Scroll            ||     5
Armor: Leather armour    ||    21
Dodge: Dodged            ||    90
Block: Other             ||    18
       Rpst.: Falchion   ||    26

Table legend: (Time is in decaauts)
 A = Elapsed time spent in this place.
 B = Non-inter-level travel time spent in this place.
 C = Inter-level travel time spent in this place.
 D = Time resting spent in this place.
 E = Time spent auto-exploring this place.
 F = Levels seen in this place.
 G = Mean time per level.
                   A        B        C        D        E       F      G
               +--------+--------+--------+--------+--------+-----+--------+
         Total |   2712 |   2662 |     50 |    177 |   2129 |   4 |  678.0 |
       Dungeon |   2702 |   2652 |     50 |    177 |   2125 |   3 |  900.7 |
         Abyss |     10 |     10 |      0 |      0 |      4 |   1 |   10.0 |
               +--------+--------+--------+--------+--------+-----+--------+

Top non-repeatable levels by time:
     D:2: 1108 daAuts
     D:1: 1081 daAuts
     D:3: 511 daAuts
 Abyss:1: 10 daAuts
